 Dungeon Crawl Stone Soup version 0.20.0-15-g7f486f2 (webtiles) character file.

58 dvd the Grave Robber (level 3, 0/28 HPs)
             Began as a Deep Dwarf Necromancer on June 13, 2017.
             Slain by a gnoll
             ... wielding a +0 flail
              (12 damage)
             ... on level 3 of the Dungeon.
             The game lasted 00:05:31 (1700 turns).

dvd the Grave Robber (Deep Dwarf Necromancer)       Turns: 1700, Time: 00:05:31

Health: 0/28       AC:  2    Str: 11    XL:     3   Next: 76%
Magic:  6/6        EV: 13    Int: 16    God:
Gold:   84         SH:  0    Dex: 13    Spells: 2/6 levels left

rFire    . . .     SeeInvis .   a - +1 hand axe (chop)
rCold    . . .     Gourm    .   (no shield)
rNeg     . . .     Faith    .   m - +0 robe
rPois    .         Spirit   .   (no helmet)
rElec    .         Reflect  .   (no cloak)
rCorr    .         Harm     .   (no gloves)
MR       .....                  (no boots)
Stlth    ++........             (no amulet)
Regen    0.0/turn               (no ring)
MPRegen  0.1/turn               (no ring)

@: non-regenerating
A: damage resistance, heal wounds, sense surroundings 1, no regeneration
a: Heal Wounds


You were on level 3 of the Dungeon.
You were not hungry.

You visited 1 branch of the dungeon, and saw 3 of its levels.

You collected 84 gold pieces.

Inventory:

Hand Weapons
 a - a +1 hand axe of chopping (weapon)
 e - a +0 mace
Missiles
 g - 4 tomahawks (quivered)
Armour
 m - a +0 robe (worn)
Scrolls
 d - 2 scrolls of blinking {unknown}
 f - a scroll of amnesia {unknown}
 l - a scroll of teleportation {unknown}
 n - a scroll of remove curse {unknown}
Potions
 h - a potion of degeneration {unknown}
 j - a potion of ambrosia {unknown}
 k - a potion of mutation {unknown}
Books
 b - a book of Necromancy

   Spells                             Type                      Level
   a - Pain                           Necromancy                   1
   b - Animate Skeleton               Necromancy                   1
   c - Vampiric Draining              Necromancy                   3
   d - Regeneration                   Charms/Necromancy            3
   e - Animate Dead                   Necromancy                   4
   f - Control Undead                 Necromancy                   4
Comestibles
 c - 4 bread rations
 i - a meat ration


   Skills:
 + Level 0.1 Fighting
 + Level 0.3 Throwing
 + Level 2.4 Dodging
 + Level 2.7 Stealth
 + Level 0.6 Unarmed Combat
 + Level 2.2 Spellcasting
 + Level 5.1 Necromancy


You had 2 spell levels left.
You knew the following spells:

 Your Spells              Type           Power        Failure   Level  Hunger
a - Pain                  Necr           ###.         2%          1    #......
b - Vampiric Draining     Necr           ###.......   8%          3    ###....


Dungeon Overview and Level Annotations

Branches:
Dungeon (3/15)

Altars:
Hepliaklqana
Trog

Annotations:
D:1 1 runed door


Innate Abilities, Weirdness & Mutations

You are resistant to damage.
You can heal yourself by infusing magical energy.
You passively map a small area around you.
You do not regenerate.


Message History

Aiming: Pain
Press: ? - help, Shift-Dir - straight line, f/p - gnoll
Aim: a gnoll, wielding a halberd (severely wounded, chance to defeat MR: 84%)
The gnoll writhes in agony!
You kill the gnoll!
Unknown command.
There is a stone staircase leading up here.
The gnoll misses you.
You climb upwards.
There is a stone staircase leading down here.
You start resting.
Your magical contamination has completely faded away.
You start resting.
You are starving!
You eat one of the 2 meat rations.
That meat ration really hit the spot!
Unknown command.
You start waiting.
Done waiting.
You climb downwards.
The gnoll misses you. The gnoll hits you with a flail!
You die...

#......#
#......# *
*######......#
.........#######
.......g........
*
#######.####.###
* , #....##.# ,
*#.###...g##.#
#.....g@.)g.# >
, ,..#####+###.#
* , , ,* #.# * ,
* #.# , * ... ,
,,* * #.#** , ,
, .<# , *, #.#
** ** , ,


You could see 3 gnolls.

Vanquished Creatures
  A gnoll (D:3)
  2 worms (D:2)
  4 dart slugs (D:1)
  3 leopard geckos
  3 giant cockroaches (D:1)
  5 hobgoblins
  A ball python (D:1)
  3 bats (D:1)
  6 frilled lizards
  A goblin (D:1)
  4 kobolds
  3 rats (D:1)
36 creatures vanquished.

Notes
Turn   | Place    | Note
-------+----------+-------------------------------------------
     0 | D:1      | dvd the Deep Dwarf Necromancer began the quest for the Orb.
     0 | D:1      | Reached XP level 1. HP: 15/15 MP: 3/3
     2 | D:1      | Found a runed door.
   119 | D:1      | Reached XP level 2. HP: 8/22 MP: 1/4
   608 | D:1      | Reached skill level 5 in Necromancy
   608 | D:1      | Reached XP level 3. HP: 9/28 MP: 2/6
   618 | D:1      | Learned a level 3 spell: Vampiric Draining
   949 | D:2      | Found a hazy altar of Hepliaklqana.
  1047 | D:2      | Found a bloodstained altar of Trog.
  1700 | D:3      | Slain by a gnoll

Skill      XL: |  1  2 |
---------------+-------+-----
Spellcasting   | 2 |  2.2
Necromancy     | 5 |  5.1
Fighting       | |  0.1
Throwing       | |  0.3
Dodging        | |  2.4
Stealth        | |  2.7
Unarmed Combat | |  0.6

Action                   || total
-------------------------++-------
Melee: Unarmed           ||    21
       Mace              ||    10
       Hand axe          ||     5
Throw: Tomahawk          ||    14
 Cast: Pain              ||    42
       Vampiric Draining ||    10
 Stab: Sleeping          ||     2
  Eat: Chunk             ||     2
       Meat ration       ||     1
Armor: Robe              ||     4
Dodge: Dodged            ||    39
